 Dungeon Crawl Stone Soup version 0.29-a0-389-gd8082fcd2d (webtiles) character file.

Game seed: 14785326155926909601

235 lkjhgvbn the Vexing (level 5, -3/24 HPs)
             Began as a Spriggan Enchanter on May 8, 2022.
             Slain by Grinder (7 damage)
             ... on level 3 of the Dungeon.
             The game lasted 00:08:50 (3763 turns).

lkjhgvbn the Vexing (Spriggan Enchanter)            Turns: 3763, Time: 00:08:51

Health: -3/24      AC:  3    Str:  6    XL:     5   Next: 76%
Magic:  13/13      EV: 17    Int: 16    God:
Gold:   105        SH:  0    Dex: 16    Spells: 6/14 levels left

rFire   . . .      SeeInvis +   a - +3 dagger (drain)
rCold   . . .      Faith    .   (no shield)
rNeg    . . .      Spirit   .   b - +1 robe
rPois   .          Reflect  .   (helmet restricted)
rElec   .          Harm     .   (no cloak)
rCorr   +          Rampage  .   (gloves unavailable)
Will    .....                   (boots unavailable)
Stlth   +++.......              (no amulet)
HPRegen 0.08/turn               h - ring of resist corrosion
MPRegen 0.13/turn               (no ring)

@: invisible, very quick
A: very small, no large weapons, unfitting armour, see invisible, speed 3
a: no special abilities


You were on level 3 of the Dungeon.
You visited 1 branch of the dungeon, and saw 3 of its levels.

You collected 105 gold pieces.

Inventory:

Hand Weapons
 a - a +3 dagger of draining (weapon)
 g - a +2 short sword of venom
Armour
 b - a +1 robe (worn)
Jewellery
 h - a ring of resist corrosion (left hand)
Scrolls
 e - 2 scrolls of teleportation
 l - 2 scrolls of immolation
 m - a scroll of enchant armour
Potions
 c - a potion of invisibility
 d - 3 potions of curing
 i - a potion of flight {unknown}
 j - a potion of brilliance {unknown}
 k - a potion of haste {unknown}
 n - a potion of cancellation {unknown}


   Skills:
 - Level 1.1 Short Blades
 - Level 2.6 Dodging
 + Level 5.2 Stealth
 + Level 5.4 Spellcasting
 + Level 5.9 Hexes


You had 6 spell levels left.
You knew the following spells:

 Your Spells              Type           Power      Damage    Failure   Level
a - Ensorcelled Hibernat  Hex/Ice        26%        N/A       7%          2
b - Tukima's Dance        Hex            23%        N/A       3%          3
d - Confusing Touch       Hex            23%        N/A       3%          3

Your spell library contained the following spells:

 Spells                   Type           Power      Damage    Failure   Level
 Dazzling Flash           Conj/Hex       26%        N/A       13%         3
 Corpse Rot               Necr/Air       8%         N/A       22%         2
 Ozocubu's Armour         Ice            4%         N/A       41%         3
 Metabolic Englaciation   Hex/Ice        6%         N/A       77%         5
 Simulacrum               Ice/Necr       2%         N/A       100%        6


Dungeon Overview and Level Annotations

Branches:
Dungeon (3/15)

Altars:
Kikubaaqudgha

Annotations:
D:3 Grinder


Innate Abilities, Weirdness & Mutations

You are very small and have problems with some larger weapons.
You are too small for most types of armour.
You have supernaturally acute eyesight. (SInv)
You cover ground extremely quickly. (Speed+++)


Message History

Your hands stop glowing.
You barely miss Grinder. Grinder hits you.
You writhe in agony.
You barely miss Grinder. Grinder misses you.
You closely miss Grinder. Grinder gestures at you.
Pain shoots through your body!
* * * LOW HITPOINT WARNING * * *
You are too injured to fight recklessly!
You are too injured to fight recklessly!
You are too injured to fight recklessly!
You are too injured to fight recklessly!
Unknown command.
You fade into invisibility!
Grinder barely misses you.
You feel better. Grinder gestures at you. Pain shoots through your body!
* * * LOW HITPOINT WARNING * * *
You completely miss Grinder. Grinder gestures at you.
Pain shoots through your body!
* * * LOW HITPOINT WARNING * * *
You hit Grinder.
Grinder is lightly wounded.
Grinder blinks!
You closely miss Grinder.
Grinder is lightly wounded.
Grinder says, "Wait up."
Grinder barely misses you.
You hit Grinder.
Grinder is lightly wounded.
Grinder completely misses you.
You catch the helpless Grinder completely off-guard!
You puncture Grinder!
Grinder is heavily wounded.
Grinder gestures at something.
You hit Grinder.
Grinder is heavily wounded.
Grinder hits you!
You die...

#.....#.#.......
..#.#...#....##.
#.#..<......^... #
#.#.....#.#####.
#.#.#.....#.# ###
#.#.#.##..#.#+##
....#.#'#..........# #
#.......##.#......# .###
#..#..5@'..#......##'#..
# ##...#..##...........
+...#...............
#...#..##...........
#...#.........).....
###.#####........... ...
###......... ...
##'#......
.....####..##..##


You could see Grinder (can't see you).

Vanquished Creatures
  2 orc priests (D:3)
  Jessica (D:2)
  An orc wizard (D:3)
  6 adders
  A worm (D:2)
  3 dart slugs
  2 orcs
  3 endoplasms
  6 giant cockroaches
  3 goblins
  3 hobgoblins
  7 jackals (D:1)
  5 quokkas
  A ball python (D:1)
  3 bats
  4 frilled lizards
  6 kobolds
  4 rats
61 creatures vanquished.

Vanquished Creatures (others)
  A dancing weapon (D:3)
  7 plants (D:2)
8 creatures vanquished.

Grand Total: 69 creatures vanquished

Notes
Turn   | Place    | Note
-------+----------+-------------------------------------------
     0 | D:1      | lkjhgvbn the Spriggan Enchanter began the quest for the
                  | Orb.
     0 | D:1      | Reached XP level 1. HP: 9/9 MP: 5/5
   816 | D:1      | Reached XP level 2. HP: 10/13 MP: 7/7
   862 | D:2      | Learned a level 2 spell: Ensorcelled Hibernation
  1329 | D:2      | Reached XP level 3. HP: 14/16 MP: 2/9
  1333 | D:2      | Learned a level 3 spell: Tukima's Dance
  1337 | D:2      | Learned a level 3 spell: Confusing Touch
  1406 | D:2      | Noticed Jessica
  1433 | D:2      | Killed Jessica
  1712 | D:2      | Got Jessica's Reference Book on Necromancy
  1749 | D:2      | Reached XP level 4. HP: 21/21 MP: 11/11
  1888 | D:2      | Reached skill level 5 in Hexes
  2512 | D:1      | Found a faded altar of an unknown god.
  3144 | D:3      | Noticed Grinder
  3147 | D:3      | Paralysed by Grinder for 2 turns
  3264 | D:3      | Reached skill level 5 in Spellcasting
  3264 | D:3      | Reached XP level 5. HP: 24/24 MP: 9/13
  3397 | D:3      | Found an ancient bone altar of Kikubaaqudgha.
  3564 | D:3      | Reached skill level 5 in Stealth
  3738 | D:3      | Paralysed by Grinder for 3 turns
  3763 | D:3      | Slain by Grinder

Illustrated notes

Levels and vault maps discovered:
D:1:      dpeg_arrival_radiant, layout_basic,
          hellmonk_ecumenical_altar_pennies_from_heaven
D:2:      layout_loops_ring, serial_forest, infiniplex_forest_clump_long,
          infiniplex_forest_lined_1, infiniplex_forest_clump_medium,
          infiniplex_forest_straight_2, infiniplex_forest_clump_small,
          infiniplex_forest_lined_3, infiniplex_forest_lined_3,
          infiniplex_forest_straight_4, kennysheep_jessica_study
D:3:      layout_basic, nicolae_overflow_hidden_temple,
          corexii_leaking_fountain, uniq_grinder

Skill      XL: |  1  2  3  4  5 |
---------------+----------------+-----
Spellcasting   | 3 4 5 |  5.4
Hexes          | 4 5 |  5.9
Stealth        | 5 |  5.2
Short Blades   | |  1.1
Dodging        | |  2.6

Action                   |  1- 3 |  4- 6 || total
-------------------------+-------+-------++-------
Melee: Dagger            |    73 |   124 ||   197
       Punch             |     4 |       ||     4
 Cast: Ensorcelled Hiber |     3 |     7 ||    10
       Tukima's Dance    |     1 |     4 ||     5
       Confusing Touch   |       |     1 ||     1
  Use: Scroll            |     5 |     4 ||     9
       Potion            |       |     4 ||     4
 Stab: Sleeping          |     6 |     9 ||    15
       Distracted        |     1 |     1 ||     2
       Invisible         |       |     1 ||     1
Armor: Robe              |     6 |    17 ||    23
Dodge: Dodged            |    54 |    79 ||   133

Table legend: (Time is in decaauts)
 A = Elapsed time spent in this place.
 B = Non-inter-level travel time spent in this place.
 C = Inter-level travel time spent in this place.
 D = Time resting spent in this place.
 E = Time spent auto-exploring this place.
 F = Levels seen in this place.
 G = Mean time per level.
                   A        B        C        D        E       F      G
               +--------+--------+--------+--------+--------+-----+--------+
         Total |   3097 |   3038 |     59 |   1230 |   1258 |   3 | 1032.3 |
       Dungeon |   3097 |   3038 |     59 |   1230 |   1258 |   3 | 1032.3 |
               +--------+--------+--------+--------+--------+-----+--------+

Top non-repeatable levels by time:
     D:2: 1507 daAuts
     D:1: 931 daAuts
     D:3: 657 daAuts
